 Dungeon Crawl Stone Soup version 0.31-a0-654-gbe3e110b4e (webtiles) character file.

Game seed: 9398161839250837555

44 Ekaitz the Chiller (level 3, -1/25 HPs)
             Began as a Demonspawn Ice Elementalist on Aug 29, 2023.
             Slain by a gnoll
             ... wielding a +0 spear
              (4 damage)
             ... on level 2 of the Dungeon.
             The game lasted 00:03:55 (1197 turns).

Ekaitz the Chiller (Demonspawn Ice Elementalist)    Turns: 1197, Time: 00:03:56

Health: -1/25      AC:  2    Str:  8    XL:     3   Next: 39%
Magic:  2/6        EV: 12    Int: 18    God:
Gold:   72         SH:  0    Dex: 13    Spells: 2/6 levels left

rFire   . . .        e - +0 short sword (venom)
rCold   . . .        (no shield)
rNeg    . . .        a - +0 robe
rPois   .            (helmet restricted)
rElec   .            (no cloak)
rCorr   .            (no gloves)
SInv    .            (no boots)
Will    .....        (no amulet)
Stlth   ++           (no ring)
HPRegen 0.24/turn    (no ring)
MPRegen 0.20/turn

%: no passive effects
@: freezing walls
A: antennae 1, magic regeneration
a: no special abilities


You were on level 2 of the Dungeon.
You visited 1 branch of the dungeon, and saw 2 of its levels.

You collected 72 gold pieces.

Inventory:

Hand Weapons
 c - a +0 spear
 e - a +0 short sword of venom (weapon)
Armour
 a - a +0 robe (worn)
 i - an orb of energy
Magical Staves
 h - a staff of earth
Scrolls
 d - a scroll of noise {unknown}
 f - a scroll of enchant weapon {unknown}
 j - a scroll of teleportation {unknown}
 l - a scroll of amnesia {unknown}
Potions
 b - a potion of magic
 g - a potion of enlightenment {unknown}
 k - a potion of mutation {unknown}


   Skills:
 * Level 0.8 Fighting
 + Level 0.1 Short Blades
 + Level 0.1 Polearms
 + Level 2.0 Dodging
 + Level 2.0 Stealth
 + Level 2.2 Spellcasting
 * Level 4.1 Ice Magic


You had 2 spell levels left.
You knew the following spells:

 Your Spells              Type           Power      Damage    Failure   Level
a - Freeze                Ice            68%        1d8       3%          1
b - Frozen Ramparts       Ice            34%        1d6       10%         3

Your spell library contained the following spells:

 Spells                   Type           Power      Damage    Failure   Level
 Ozocubu's Armour         Ice            17%        N/A       10%         3
 Summon Ice Beast         Ice/Summ       9%         N/A       58%         4


Dungeon Overview and Level Annotations

Branches:
Dungeon (2/15)

Altars:

Shops:
D:1 =


Innate Abilities, Weirdness & Mutations

You have a pair of small antennae on your head.
You regenerate magic rapidly.


Message History

You freeze the worm.
You kill the worm!
Found a stone staircase leading down.
A gnoll comes into view. It is wielding a +0 spear.
A gnoll comes into view. It is wielding a +0 flail.
A gnoll comes into view. It is wielding a +0 flail.
The gnoll shouts!
The gnoll hits you with a +0 flail.
Casting: Freeze (safe; 3% risk of failure)
Confirm with . or Enter, or press ? or * to list all spells.
Casting: Frozen Ramparts (quite dangerous; 10% risk of failure)
Press: ? - help, Dir - look around, f - activate The walls around you are covered in ice.
The gnoll shouts!
The wall freezes the gnoll.
The gnoll closely misses you.
The wall freezes the gnoll.
Unknown command.
You hit the gnoll but do no damage.
The gnoll is poisoned.
The gnoll is moderately wounded.
The wall freezes the gnoll.
The gnoll barely misses you.
The wall freezes the gnoll.
The gnoll hits you with a +0 flail.
Unknown command.
You closely miss the gnoll.
The gnoll is moderately wounded.
The wall freezes the gnoll.
The gnoll hits you from afar with a +0 spear.
The wall freezes the gnoll.
The gnoll hits you with a +0 flail!
* * * LOW HITPOINT WARNING * * *
Unknown command.
Casting: Frozen Ramparts (quite dangerous; 10% risk of failure)
Confirm with . or Enter, or press ? or * to list all spells.
Aiming: Freeze (safe; 3% risk of failure)
Press: ? - help, Shift-Dir - straight line, f - gnoll
Aim: a gnoll, wielding a +0 flail (heavily wounded, very poisoned)
You freeze the gnoll.
The gnoll is almost dead.
You kill the gnoll!
The wall freezes the gnoll.
The gnoll hits you from afar with a +0 spear.
You die...

#########
###.......# .
#>........+ ...
#####........##.....
#...........@)gg....
#.##################
#.# #.# #.# #.#.#
#.#.# #.#.# #.#.#
#####


You could see 2 gnolls.

Vanquished Creatures
  A gnoll (D:2)
  An adder (D:2)
  A worm (D:2)
  4 ball pythons (D:1)
  2 bats (D:1)
  5 endoplasms
  2 giant cockroaches
  2 hobgoblins (D:1)
  2 jackals (D:1)
  A quokka (D:2)
  A frilled lizard (D:1)
  4 kobolds (D:1)
  6 rats (D:1)
32 creatures vanquished.

Notes
Turn   | Place    | Note
-------+----------+-------------------------------------------
     0 | D:1      | Ekaitz the Demonspawn Ice Elementalist began the quest for
                  | the Orb.
     0 | D:1      | Reached XP level 1. HP: 13/13 MP: 3/3
    55 | D:1      | Found a faded altar of an unknown god.
   245 | D:1      | Gained mutation: You have a pair of small antennae on your
                  | head. [demonic ancestry]
   245 | D:1      | Reached XP level 2. HP: 18/19 MP: 3/5
   426 | D:1      | Found Kacvesog's Jewellery Boutique.
   437 | D:1      | Reached skill level 4 in Ice Magic
   885 | D:2      | Gained mutation: You regenerate magic rapidly. [demonic
                  | ancestry]
   885 | D:2      | Reached XP level 3. HP: 23/25 MP: 6/6
   894 | D:2      | Learned a level 3 spell: Frozen Ramparts
   989 | D:2      | Identified the +2 helmet of Elyvilon's Grace {rCorr}
  1197 | D:2      | Slain by a gnoll

Illustrated notes

Levels and vault maps discovered:
D:1:      onia_arrival_handbag, layout_basic, basic_ecumenical_altar,
          serial_shops, shop, minmay_misc_feat_rows
D:2:      layout_basic, basic_altar

Skill      XL: |  1  2  3 |
---------------+----------+-----
Ice Magic      | 4 |  4.1
Dodging        | 2 |  2.0
Stealth        | 2 |  2.0
Fighting       | |  0.8
Short Blades   | |  0.1
Polearms       | |  0.1
Spellcasting   | |  2.2

Action                     || total
---------------------------++-------
  Melee: Spear             ||    10
         Short sword       ||    26
         Punch             ||     1
   Cast: Freeze            ||    35
         Frozen Ramparts   ||     1
   Stab: Sleeping          ||     3
 Armour: Robe              ||    12
  Dodge: Dodged            ||    60

Table legend: (Time is in decaauts)
 A = Elapsed time spent in this place.
 B = Non-inter-level travel time spent in this place.
 C = Inter-level travel time spent in this place.
 D = Time resting spent in this place.
 E = Time spent auto-exploring this place.
 F = Levels seen in this place.
 G = Mean time per level.
                   A        B        C        D        E       F      G
               +--------+--------+--------+--------+--------+-----+--------+
         Total |   1196 |   1151 |     45 |     10 |    838 |   2 |  598.0 |
       Dungeon |   1196 |   1151 |     45 |     10 |    838 |   2 |  598.0 |
               +--------+--------+--------+--------+--------+-----+--------+

Top non-repeatable levels by time:
     D:1: 880 daAuts
     D:2: 316 daAuts
